Map: [ESL] Solaris

Players

trigger - Winner!

  • Race: Protoss Protoss
  • Spawn Location: 1:00

ShaDoWn

  • Race: Protoss Protoss
  • Spawn Location: 7:00

Event: ESL SC2 Masters 2023 Winter (Finals)

VOD

Have the link to the VOD?

Description

Time

  • Played on: Dec. 15, 2023, 4:51 p.m.
  • Length: 16:09

All games in this series

Show
View Real Time Build Order
Export as new Build Order

trigger Protoss - Winner!

Build Orders:  

Get SALT Encoding   

  12  0:00  Probe  
  13  0:12  Probe  
  14  0:17  Pylon  
  14  0:24  Probe (Chrono Boost)  
  16  0:36  Gateway, Probe (Chrono Boost)  
  16  0:42  Probe (Chrono Boost)  
  16  0:46  Assimilator  
  17  0:50  Probe  
  17  0:54  Assimilator  
  18  1:03  Probe  
  19  1:22  Zealot (Chrono Boost)  
  19  1:23  Probe  
  22  1:27  Pylon  
  22  1:35  Cybernetics Core  
  22  1:36  Probe  
  23  1:44  Pylon  
  21  1:48  Probe  
  20  2:00  Pylon  
  20  2:01  Probe  
  21  2:08  Adept (Chrono Boost)  
  21  2:12  Warp Gate  
  23  2:17  Probe  
  24  2:31  Stalker  
  24  2:34  Probe  
  27  2:46  Probe  
  27  2:48  Stargate  
  28  2:56  Gateway  
  28  3:03  Stalker  
  30  3:10  Probe  
  31  3:21  Shield Battery  
  35  3:35  Void Ray (Chrono Boost)  
  35  3:41  Pylon  
  35  3:50  Pylon  
  35  3:57  Probe  
  36  4:07  Oracle (Chrono Boost)  
  36  4:13  Stalker  
  36  4:16  Pylon  
  39  4:27  Robotics Facility  
  37  4:40  Stalker  
  37  4:43  Pylon  
  39  4:52  Probe  
  40  5:01  Nexus  
  40  5:17  Immortal (Chrono Boost)  
  44  5:27  Probe  
  45  5:28  Sentry  
  45  5:29  Sentry  
  49  5:39  Probe  
  50  5:44  Pylon  
  50  5:50  Phoenix  
  50  5:51  Probe  
  51  6:03  Immortal (Chrono Boost)  
  51  6:04  Probe (Chrono Boost)  
  56  6:13  Probe (Chrono Boost)  
  58  6:21  Probe (Chrono Boost)  
  58  6:22  Shield Battery, Probe (Chrono Boost)  
  59  6:28  Probe x2 (Chrono Boost)  
  61  6:37  Warp Prism (Chrono Boost)  
  61  6:39  Probe  
  64  6:40  Probe  
  65  6:51  Probe  
  65  6:52  Probe  
  65  6:53  Sentry, Twilight Council, Stalker  
  71  7:04  Probe  
  72  7:10  Immortal  
  76  7:16  Stalker x2  
  76  7:18  Pylon  
  76  7:20  Assimilator  
  80  7:26  Probe x2  
  82  7:42  Blink (Chrono Boost)  
  82  7:44  Probe  
  82  7:47  Probe  
  82  7:58  Nexus  
  82  7:59  Forge  
  82  8:00  Pylon  
  82  8:02  Stalker  
  82  8:03  Stalker  
  86  8:14  Probe  
  86  8:15  Probe  
  86  8:19  Shield Battery  
  88  8:22  Pylon  
  88  8:26  Protoss Ground Weapons Level 1 (Chrono Boost)  
  88  8:29  Stalker x2  
  88  8:30  Probe  
  88  8:31  Observer (Chrono Boost)  
  88  8:34  Probe  
  95  8:42  Gateway, Probe  
  95  8:43  Gateway  
  96  8:51  Probe  
  96  8:53  Stalker  
  96  8:54  Stalker  
  101  9:01  Probe  
  93  9:11  Probe  
  93  9:20  Probe x2  
  93  9:21  Stalker  
  97  9:24  Probe  
  97  9:26  Immortal  
  102  9:36  Gateway, Stalker  
  102  9:37  Stalker  
  102  9:38  Gateway  
  107  9:41  Assimilator  
  106  9:46  Stalker  
  106  10:01  Probe  
  106  10:04  Stalker x2  
  107  10:13  Protoss Ground Weapons Level 2 (Chrono Boost), Observer (Chrono Boost), Stalker  
  110  10:14  Photon Cannon  
  110  10:21  Nexus  
  110  10:23  Pylon, Probe x2  
  110  10:25  Probe  
  113  10:38  Pylon  
  113  10:42  Stalker x5  
  121  10:47  Photon Cannon, Probe  
  121  10:49  Probe x2  
  124  11:01  Probe  
  123  11:08  Stalker x5  
  133  11:11  Pylon  
  131  11:27  Charge (Chrono Boost)  
  131  11:32  Stalker x4  
  139  11:33  Gateway x2  
  139  11:36  Stalker  
  139  11:39  Probe x2  
  143  11:40  Probe  
  143  11:43  Probe  
  123  12:01  Stalker x5  
  95  12:17  Shield Battery  
  95  12:22  Dark Shrine  
  95  12:25  Zealot x5  
  95  12:28  Stalker x2  
  109  12:32  Protoss Ground Weapons Level 3 (Chrono Boost)  
  109  12:35  Probe  
  109  12:36  Probe x2  
  112  12:37  Probe  
  112  12:39  Pylon  
  113  12:45  Gateway  
  113  12:46  Zealot x5  
  113  12:48  Gateway, Probe  
  113  12:49  Assimilator  
  124  12:53  Probe x2  
  124  12:55  Assimilator  
  126  13:04  Shield Battery  
  126  13:05  Stalker x2  
  126  13:06  Stalker x3  
  126  13:07  Zealot x2  
  131  13:25  Probe x2  
  131  13:26  Probe  
  134  13:29  Stalker x3  
  134  13:30  Stalker x2  
  134  13:33  Zealot x2  
  148  13:40  Pylon  
  148  13:45  Zealot  
  150  13:49  Photon Cannon  
  150  13:56  Stalker x7  
  162  14:03  Zealot  
  158  14:10  Observer  
  158  14:14  Immortal  
  158  14:15  Dark Templar  
  158  14:19  Zealot x7  
  168  14:30  Pylon  
  168  14:32  Pylon  
  168  14:44  Stalker x3  
  172  14:48  Nexus  
  157  15:00  Zealot x6  
  167  15:08  Nexus  
  167  15:09  Observer  
  167  15:12  Pylon, Probe x2  
  167  15:13  Probe  
  162  15:14  Probe  
  162  15:18  Pylon  
  159  15:24  Zealot x4, Probe  
  159  15:25  Probe x2  
  170  15:33  Probe  
  171  15:44  Shield Battery  
  171  15:46  Photon Cannon, Stalker  
  171  15:47  Stalker x4  
  177  15:52  Zealot  
  177  15:53  Zealot x2  
  183  16:00  Unknown, Zealot  
Show
View Real Time Build Order
Export as new Build Order

ShaDoWn Protoss 

Build Orders:  

Get SALT Encoding   

  12  0:01  Probe  
  13  0:13  Probe  
  14  0:19  Pylon  
  14  0:25  Probe  
  15  0:38  Forge  
  15  0:40  Probe (Chrono Boost)  
  17  0:51  Pylon, Probe (Chrono Boost)  
  17  0:56  Probe (Chrono Boost)  
  18  1:13  Photon Cannon  
  18  1:17  Gateway  
  18  1:26  Pylon  
  18  1:30  Probe  
  19  1:45  Gateway  
  19  1:46  Pylon  
  19  1:49  Probe  
  19  1:57  Assimilator  
  19  2:02  Probe (Chrono Boost)  
  19  2:07  Cybernetics Core  
  20  2:12  Assimilator  
  20  2:14  Probe (Chrono Boost)  
  21  2:20  Probe (Chrono Boost)  
  22  2:28  Probe  
  23  2:39  Pylon  
  23  2:40  Probe  
  23  2:41  Adept (Chrono Boost)  
  23  2:43  Shield Battery  
  26  2:49  Warp Gate  
  26  2:54  Pylon  
  26  2:57  Probe, Pylon  
  27  3:04  Stalker  
  29  3:20  Nexus  
  30  3:41  Robotics Facility  
  30  3:48  Gateway  
  29  4:09  Probe  
  28  4:11  Gateway  
  28  4:14  Pylon  
  28  4:23  Probe  
  29  4:29  Observer (Chrono Boost)  
  30  4:34  Gateway  
  30  4:43  Sentry  
  31  4:49  Probe  
  31  4:50  Nexus  
  32  5:01  Probe  
  33  5:09  Sentry, Stalker  
  33  5:13  Pylon  
  37  5:15  Probe  
  38  5:27  Probe  
  39  5:31  Shield Battery  
  39  5:32  Sentry, Stalker  
  39  5:35  Stalker  
  45  5:39  Probe  
  46  5:46  Pylon  
  46  5:51  Probe (Chrono Boost)  
  47  5:57  Twilight Council  
  47  6:03  Probe (Chrono Boost)  
  49  6:06  Probe (Chrono Boost)  
  49  6:07  Pylon  
  50  6:11  Probe (Chrono Boost)  
  50  6:15  Probe (Chrono Boost)  
  50  6:22  Probe (Chrono Boost)  
  50  6:24  Probe (Chrono Boost)  
  50  6:25  Protoss Ground Weapons Level 1  
  52  6:29  Blink (Chrono Boost)  
  52  6:30  Probe (Chrono Boost)  
  52  6:32  Probe (Chrono Boost)  
  54  6:34  Probe (Chrono Boost)  
  54  6:38  Observer  
  56  6:41  Probe  
  56  6:45  Phoenix  
  56  6:46  Stalker x2, Probe  
  62  6:51  Assimilator  
  62  6:54  Probe  
  62  6:56  Stalker  
  62  6:59  Pylon  
  64  7:10  Pylon  
  64  7:12  Stalker x2  
  64  7:14  Probe  
  69  7:17  Assimilator  
  69  7:21  Stalker  
  71  7:24  Pylon  
  71  7:29  Shield Battery  
  71  7:35  Stalker x2  
  69  7:46  Stalker  
  69  7:58  Stalker x2  
  73  8:10  Stalker  
  75  8:21  Stalker x2  
  79  8:31  Nexus, Pylon, Probe  
  80  8:38  Protoss Ground Weapons Level 2  
  80  8:39  Charge  
  80  8:43  Probe  
  81  8:50  Probe  
  81  8:53  Observer  
  82  9:07  Probe  
  77  9:11  Probe  
  76  9:18  Stalker x3  
  76  9:19  Probe  
  76  9:22  Gateway  
  76  9:24  Gateway  
  82  9:25  Observer  
  82  9:26  Templar Archives  
  82  9:27  Probe  
  82  9:31  Probe  
  85  9:38  Shield Battery  
  85  9:40  Gateway  
  85  9:41  Probe  
  85  9:44  Probe  
  85  9:45  Zealot  
  90  9:48  Sentry  
  88  9:53  Stalker  
  89  10:04  Immortal (Chrono Boost)  
  89  10:05  Stalker  
  83  10:12  Stalker  
  85  10:17  Stalker x2  
  85  10:20  Stalker  
  91  10:32  Gateway  
  91  10:33  Immortal (Chrono Boost)  
  95  10:36  High Templar x3  
  95  10:39  Pylon  
  95  10:41  Archon  
  101  10:45  Zealot x3, Pylon  
  107  10:55  Pylon  
  105  11:01  Immortal (Chrono Boost)  
  107  11:05  Shield Battery  
  107  11:06  High Templar, Zealot  
  107  11:07  Zealot  
  107  11:08  Zealot x3  
  119  11:12  Archon  
  117  11:28  Zealot x3  
  117  11:29  Zealot x3  
  129  11:33  Pylon  
  129  11:41  Zealot  
  129  11:52  Zealot  
  129  11:53  Zealot x5  
  111  11:59  Protoss Ground Weapons Level 3 (Chrono Boost)  
  93  12:01  Stalker  
  91  12:12  Probe  
  88  12:21  Nexus, High Templar  
  88  12:22  High Templar x3  
  94  12:23  Zealot x2  
  94  12:24  Zealot  
  94  12:28  Archon  
  94  12:29  Archon  
  102  12:36  Observer  
  103  12:37  Probe x3  
  103  12:39  Pylon  
  106  12:45  Stalker x3  
  106  12:49  Probe x2  
  114  12:55  Pylon  
  114  12:56  Probe  
  114  12:57  Nexus  
  115  12:59  Stalker x4  
  117  13:08  Probe  
  116  13:13  Probe  
  116  13:15  Probe  
  116  13:19  Nexus  
  116  13:20  Stalker x3  
  116  13:24  Stalker  
  124  13:30  Zealot  
  124  13:31  Observer  
  124  13:33  Stalker  
  128  13:37  Probe  
  128  13:40  Stalker  
  131  13:44  Probe  
  131  13:46  Probe  
  131  13:47  Stalker x2  
  137  13:52  Probe  
  138  13:56  Zealot x3  
  138  13:58  Probe  
  145  14:05  Probe  
  145  14:06  Probe  
  145  14:09  Zealot x2  
  142  14:11  Probe  
  135  14:18  Probe x2  
  135  14:22  Observer  
  135  14:23  Probe  
  138  14:30  Stalker x4, Probe x2  
  146  14:35  Probe  
  146  14:37  Probe  
  148  14:41  Observer (Chrono Boost)  
  148  14:45  Pylon  
  149  14:48  Photon Cannon  
  147  14:56  Probe  
  122  15:00  Probe  
  122  15:04  Zealot x4, Stalker x3  
  122  15:06  Probe  
  110  15:07  Probe  
  110  15:11  Probe (Chrono Boost)  
  106  15:16  Probe (Chrono Boost)  
  106  15:21  Probe x2 (Chrono Boost)  
  109  15:29  Probe (Chrono Boost), Stalker x2  
  109  15:30  Stalker  
  109  15:31  Probe (Chrono Boost)  
  109  15:32  Probe (Chrono Boost)  
  109  15:34  Probe (Chrono Boost)  
  118  15:36  Probe (Chrono Boost)  
  116  15:43  Stalker x2  
  120  15:57  Nexus  
Tags
 
Add a new tag
Caveats
  • Supply blocks, unpowered buildings, or Contaminate may cause inaccurate times.
  • Supply counts are checked every 10 seconds.